Map: Inside and Out

Players

MaxPax

  • Race: Protoss Protoss
  • League: Grandmaster
  • Spawn Location: 7:00

ShoWTimE - Winner!

  • Race: Protoss Protoss
  • League: Master
  • Spawn Location: 1:00

VOD

Have the link to the VOD?

Description

Time

  • Played on: Oct. 21, 2022, 1:18 p.m.
  • Length: 7:04
Show
View Real Time Build Order
Export as new Build Order

MaxPax Protoss 

Build Orders: Phoenix Opening, Mass Phoenix 

Get SALT Encoding   

  12  0:00  Probe  
  13  0:12  Probe  
  14  0:19  Pylon  
  14  0:24  Probe  
  15  0:37  Probe (Chrono Boost), Gateway  
  16  0:47  Probe (Chrono Boost), Assimilator  
  17  0:52  Probe (Chrono Boost)  
  18  1:03  Probe (Chrono Boost)  
  19  1:13  Assimilator  
  19  1:14  Pylon  
  19  1:15  Probe (Chrono Boost)  
  20  1:22  Probe (Chrono Boost)  
  21  1:25  Cybernetics Core  
  21  1:30  Probe  
  24  1:42  Probe  
  25  1:48  Zealot  
  25  1:54  Probe  
  26  2:02  Stargate  
  26  2:08  Probe  
  27  2:19  Pylon  
  29  2:27  Nexus  
  27  2:30  Probe  
  28  2:42  Probe  
  29  2:45  Phoenix (Chrono Boost)  
  31  2:54  Probe  
  31  2:55  Stargate  
  32  3:05  Phoenix  
  32  3:06  Probe (Chrono Boost)  
  35  3:15  Assimilator  
  35  3:18  Probe (Chrono Boost)  
  36  3:24  Probe (Chrono Boost)  
  37  3:30  Phoenix  
  39  3:37  Probe (Chrono Boost)  
  39  3:39  Probe (Chrono Boost)  
  39  3:41  Phoenix  
  43  3:49  Probe (Chrono Boost)  
  43  3:50  Probe (Chrono Boost)  
  43  3:51  Pylon  
  43  3:55  Probe  
  44  3:58  Phoenix (Chrono Boost)  
  44  4:00  Probe  
  48  4:07  Probe  
  51  4:12  Probe  
  51  4:14  Assimilator  
  51  4:15  Phoenix (Chrono Boost)  
  52  4:19  Probe  
  52  4:20  Phoenix (Chrono Boost)  
  55  4:25  Probe  
  55  4:26  Pylon  
  57  4:31  Probe  
  57  4:34  Phoenix  
  59  4:42  Probe  
  59  4:43  Phoenix (Chrono Boost)  
  62  4:50  Probe  
  61  4:55  Probe  
  60  5:02  Probe, Pylon  
  60  5:05  Phoenix (Chrono Boost)  
  65  5:08  Phoenix (Chrono Boost), Probe  
  65  5:12  Pylon  
  66  5:21  Fleet Beacon  
  66  5:29  Phoenix  
  66  5:32  Pylon  
  67  5:40  Phoenix  
  69  5:45  Nexus  
  69  5:50  Probe x2  
  69  5:54  Phoenix  
  73  6:02  Probe  
  74  6:05  Phoenix, Anion Pulse-Crystals (Chrono Boost)  
  74  6:11  Pylon  
  74  6:12  Probe  
  75  6:18  Pylon  
  75  6:20  Probe  
  75  6:22  Phoenix (Chrono Boost)  
  75  6:24  Probe  
  78  6:32  Probe  
  81  6:36  Assimilator  
  81  6:38  Phoenix (Chrono Boost)  
  81  6:39  Probe  
  82  6:40  Assimilator  
  82  6:41  Phoenix (Chrono Boost)  
  84  6:51  Probe  
Show
View Real Time Build Order
Export as new Build Order

ShoWTimE Protoss - Winner!

Build Orders: Phoenix Opening, Mass Phoenix 

Get SALT Encoding   

  12  0:00  Probe  
  13  0:12  Probe  
  14  0:18  Pylon  
  14  0:24  Probe (Chrono Boost)  
  15  0:36  Probe (Chrono Boost)  
  15  0:37  Gateway  
  16  0:45  Probe (Chrono Boost)  
  16  0:46  Assimilator  
  17  0:51  Probe  
  18  1:03  Probe (Chrono Boost)  
  19  1:04  Assimilator  
  19  1:06  Pylon  
  19  1:15  Probe (Chrono Boost)  
  20  1:21  Probe (Chrono Boost)  
  20  1:25  Cybernetics Core  
  21  1:29  Probe  
  22  1:33  Zealot  
  24  1:41  Probe  
  25  1:53  Probe  
  26  2:01  Stargate  
  26  2:05  Probe  
  27  2:14  Pylon  
  27  2:23  Nexus  
  27  2:27  Probe  
  27  2:29  Pylon  
  28  2:40  Probe  
  29  2:44  Phoenix (Chrono Boost)  
  31  2:52  Probe  
  32  3:00  Phoenix (Chrono Boost)  
  32  3:04  Probe  
  35  3:12  Assimilator  
  35  3:16  Probe  
  36  3:21  Phoenix (Chrono Boost)  
  36  3:24  Stargate  
  38  3:28  Probe (Chrono Boost)  
  39  3:36  Probe (Chrono Boost)  
  39  3:40  Phoenix  
  43  3:46  Probe (Chrono Boost)  
  43  3:47  Probe (Chrono Boost)  
  44  3:51  Probe (Chrono Boost)  
  44  3:53  Probe (Chrono Boost), Pylon  
  46  4:02  Probe  
  47  4:04  Probe  
  47  4:05  Assimilator  
  47  4:07  Phoenix (Chrono Boost)  
  50  4:14  Probe  
  50  4:16  Probe  
  54  4:19  Phoenix (Chrono Boost)  
  54  4:26  Probe  
  54  4:28  Probe, Pylon  
  54  4:29  Phoenix (Chrono Boost)  
  58  4:39  Pylon  
  58  4:41  Probe  
  58  4:43  Probe  
  62  4:45  Phoenix (Chrono Boost)  
  62  4:49  Phoenix (Chrono Boost)  
  62  5:05  Phoenix x2 (Chrono Boost)  
  64  5:11  Pylon  
  66  5:16  Fleet Beacon  
  66  5:29  Phoenix (Chrono Boost)  
  70  5:39  Phoenix (Chrono Boost), Nexus  
  70  5:40  Probe  
  70  5:41  Probe  
  72  5:47  Pylon  
  72  5:52  Phoenix (Chrono Boost)  
  72  5:53  Probe x2  
  72  5:56  Anion Pulse-Crystals (Chrono Boost)  
  76  6:05  Probe x2  
  76  6:08  Phoenix  
  78  6:16  Assimilator  
  78  6:17  Probe x2  
  80  6:20  Assimilator  
  80  6:21  Phoenix  
  82  6:29  Probe x2  
  84  6:33  Phoenix  
  84  6:37  Pylon  
  86  6:41  Probe x2  
Tags
 
Add a new tag
Caveats
  • Supply blocks, unpowered buildings, or Contaminate may cause inaccurate times.
  • Supply counts are checked every 10 seconds.